Map: Galactic Process LE

Players

Nickos - Winner!

  • Race: Terran Terran
  • League: Gold

CANONBALL

  • Race: Protoss Protoss

VOD

Have the link to the VOD?

Description

Time

  • Played on: Sept. 25, 2016, 8:03 p.m.
  • Length: 14:57
Show
View Real Time Build Order
Export as new Build Order

Nickos Terran - Winner!

Build Orders: MMM Bio 

Get SALT Encoding   

  12  0:01  SCV  
  13  0:13  SCV  
  14  0:17  Supply Depot  
  14  0:25  SCV  
  15  0:39  SCV  
  15  0:41  Barracks  
  16  0:51  SCV  
  17  1:04  SCV  
  18  1:16  SCV  
  19  1:28  Orbital Command  
  19  1:33  Marine  
  20  1:41  Command Center  
  20  1:48  Barracks  
  20  1:53  SCV  
  21  1:55  Supply Depot  
  21  2:08  SCV  
  21  2:09  Marine  
  23  2:20  Barracks  
  23  2:21  Refinery  
  23  2:22  SCV  
  24  2:23  Refinery  
  24  2:29  Supply Depot  
  24  2:31  Marine  
  24  2:34  SCV  
  26  2:37  Marine  
  27  2:46  SCV  
  28  2:51  Supply Depot, Marine  
  28  2:57  Orbital Command  
  28  2:58  SCV  
  30  3:04  Marine  
  31  3:10  SCV  
  31  3:12  Barracks Tech Lab  
  31  3:16  Supply Depot  
  31  3:22  Barracks Reactor, SCV  
  32  3:28  SCV  
  32  3:30  Barracks Reactor  
  32  3:33  Stimpack  
  33  3:35  SCV  
  34  3:44  SCV  
  34  3:47  SCV  
  36  3:56  SCV  
  36  3:59  Factory  
  36  4:00  Marine  
  36  4:01  Marine x2  
  40  4:03  SCV  
  40  4:08  SCV  
  42  4:15  SCV  
  43  4:17  Supply Depot  
  43  4:18  Marine  
  43  4:21  Engineering Bay  
  43  4:22  Engineering Bay  
  43  4:27  SCV x2  
  43  4:30  Marine x3  
  43  4:31  Marine  
  49  4:40  SCV x2  
  49  4:41  Marine  
  52  4:48  Supply Depot  
  52  4:51  Factory Reactor  
  52  4:52  Starport  
  52  4:54  Marine x3  
  52  4:59  SCV x2  
  57  5:01  Terran Infantry Weapons Level 1  
  57  5:05  Refinery, Marine  
  58  5:11  SCV  
  58  5:12  SCV  
  58  5:14  Marine x2  
  62  5:23  SCV, Marine, Marauder  
  62  5:24  SCV  
  62  5:26  Terran Infantry Armor Level 1  
  68  5:35  SCV  
  68  5:37  SCV  
  68  5:40  Combat Shields  
  68  5:41  Marine x2  
  68  5:42  Marine x2  
  72  5:47  SCV  
  74  5:55  Supply Depot  
  74  5:56  SCV  
  74  5:59  SCV  
  74  6:03  Marine x3  
  78  6:04  Medivac x2  
  78  6:06  Marine  
  78  6:07  Marine  
  78  6:09  SCV  
  85  6:12  SCV  
  86  6:18  Armory  
  86  6:20  Marine  
  86  6:21  SCV  
  86  6:24  SCV  
  89  6:33  SCV  
  89  6:35  Command Center  
  88  7:16  SCV x2  
  88  7:17  Terran Infantry Weapons Level 2  
  88  7:19  Supply Depot  
  88  7:20  Command Center  
  90  7:28  SCV  
  91  7:32  Viking  
  91  7:33  Marine  
  94  7:40  Marine x2  
  94  7:41  Marauder  
  98  7:47  Supply Depot  
  98  7:48  SCV x2  
  98  7:50  Supply Depot  
  100  7:51  Marine x2  
  102  8:09  Medivac x2, SCV, Marauder, Marine  
  102  8:10  Terran Infantry Armor Level 2  
  110  8:23  SCV x2  
  110  8:24  Marine x3  
  115  8:29  Marine  
  115  8:30  Sensor Tower  
  115  8:31  Marauder  
  118  8:35  SCV x2  
  118  8:39  Barracks  
  121  8:42  Barracks x2, Marine x2  
  121  8:43  Barracks  
  121  8:45  Medivac x2  
  121  8:47  SCV  
  111  9:30  Marine x4  
  104  9:36  Missile Turret  
  68  10:00  Liberator x2  
  68  10:16  Marine x4  
  68  10:17  Marine  
  78  10:23  Orbital Command  
  78  10:25  SCV x2  
  80  10:37  SCV  
  80  10:38  SCV  
  82  10:43  Liberator x2  
  82  10:50  Marine x4  
  82  10:51  Marine x4  
  82  10:52  Marine  
  96  11:15  SCV x3  
  99  11:20  Marine  
  100  11:26  Liberator  
  100  11:27  SCV x3  
  103  11:33  Marine  
  103  11:35  Marine  
  103  11:39  Marine, SCV  
  106  11:40  Marine  
  106  11:42  Missile Turret  
  106  11:46  Missile Turret  
  111  12:10  Marine x4  
  111  12:11  Marine x5  
  117  12:28  Marine x5  
  117  12:29  Marine x4  
  121  12:45  Marine  
  121  12:46  Marine x2  
  121  12:47  Marine x4  
  125  12:56  Marine x2  
  127  13:03  Marine  
  127  13:04  Marine x2  
  114  13:23  Marine x3  
  114  13:24  Marine  
  114  13:26  Marine  
  114  13:27  Marine x4  
  102  13:41  Marine x4  
  102  13:44  Marine x2  
  104  14:34  Marine x4  
Show
View Real Time Build Order
Export as new Build Order

CANONBALL Protoss 

Build Orders: 1 Gate Expand 

Get SALT Encoding   

  12  0:01  Probe (Chrono Boost)  
  13  0:12  Probe (Chrono Boost)  
  14  0:19  Pylon  
  14  0:22  Probe (Chrono Boost)  
  15  0:37  Probe (Chrono Boost)  
  15  0:40  Gateway  
  15  0:42  Assimilator  
  16  0:48  Probe (Chrono Boost)  
  17  0:59  Probe (Chrono Boost)  
  18  1:09  Probe (Chrono Boost)  
  19  1:23  Nexus  
  19  1:34  Cybernetics Core  
  19  1:38  Assimilator  
  19  1:40  Probe (Chrono Boost)  
  20  1:52  Pylon  
  21  1:54  Probe (Chrono Boost)  
  21  2:00  Warp Gate  
  21  2:04  Probe (Chrono Boost)  
  22  2:14  Adept  
  26  2:16  Mothership Core (Chrono Boost)  
  26  2:29  Pylon  
  26  2:36  Probe (Chrono Boost)  
  27  2:37  Pylon  
  27  2:42  Probe (Chrono Boost)  
  28  3:12  Probe (Chrono Boost)  
  30  3:14  Probe (Chrono Boost)  
  30  3:15  Assimilator  
  30  3:23  Probe (Chrono Boost)  
  30  3:25  Robotics Facility  
  30  3:26  Probe (Chrono Boost)  
  32  3:30  Pylon  
  32  3:33  Probe (Chrono Boost)  
  33  3:38  Gateway, Probe (Chrono Boost)  
  34  3:41  Gateway  
  34  3:44  Probe (Chrono Boost)  
  35  3:50  Probe (Chrono Boost)  
  35  3:54  Probe (Chrono Boost)  
  37  4:02  Probe (Chrono Boost)  
  38  4:21  Probe (Chrono Boost)  
  38  4:22  Probe (Chrono Boost)  
  40  4:32  Probe (Chrono Boost)  
  40  4:35  Probe (Chrono Boost), Observer  
  41  4:42  Probe (Chrono Boost)  
  43  4:46  Gateway x2  
  43  4:47  Probe (Chrono Boost)  
  43  4:48  Gateway  
  43  4:50  Pylon  
  44  4:53  Probe (Chrono Boost)  
  44  4:57  Gateway x2  
  44  5:00  Gateway  
  44  5:01  Pylon  
  44  5:02  Warp Prism  
  46  5:09  Probe (Chrono Boost)  
  46  5:11  Probe (Chrono Boost)  
  46  5:12  Assimilator  
  46  5:13  Adept x2  
  52  5:17  Adept  
  52  5:18  Pylon  
  54  5:23  Probe (Chrono Boost)  
  54  5:24  Probe (Chrono Boost)  
  57  5:36  Probe (Chrono Boost)  
  57  5:44  Adept  
  59  6:00  Probe (Chrono Boost)  
  59  6:01  Probe (Chrono Boost)  
  61  6:13  Pylon  
  61  6:15  Probe (Chrono Boost), Pylon  
  61  6:16  Probe (Chrono Boost)  
  61  6:17  Twilight Council  
  63  6:19  Forge  
  63  6:21  Gateway  
  63  6:22  Gateway  
  63  6:23  Gateway  
  63  6:28  Stargate  
  63  6:29  Pylon  
  63  6:31  Nexus  
  63  6:32  Pylon  
  63  6:34  Probe (Chrono Boost)  
  63  6:35  Probe (Chrono Boost)  
  65  6:45  Probe (Chrono Boost)  
  67  6:47  Probe (Chrono Boost)  
  67  6:56  Probe (Chrono Boost)  
  66  7:04  Protoss Ground Weapons Level 1  
  66  7:09  Probe (Chrono Boost)  
  66  7:10  Probe (Chrono Boost)  
  66  7:12  Oracle  
  71  7:22  Probe (Chrono Boost)  
  72  7:23  Warp Prism  
  72  7:24  Pylon  
  72  7:26  Resonating Glaives  
  74  7:41  Templar Archives  
  74  7:44  Pylon  
  74  7:46  Pylon  
  74  7:47  Photon Cannon x2  
  74  7:49  Photon Cannon  
  74  7:50  Pylon  
  74  7:56  Pylon  
  74  7:59  Assimilator  
  74  8:01  Probe x2 (Chrono Boost)  
  74  8:03  Assimilator  
  68  8:35  Adept x2  
  68  8:37  Adept x2  
  76  9:06  Adept x6  
  78  9:55  Psionic Storm  
  76  10:01  High Templar x4  
  76  10:03  High Templar x4  
  92  10:08  High Templar x2  
  92  10:12  Gateway x2  
  96  10:15  Gateway  
  88  10:25  Adept x2  
  90  10:56  Adept  
  90  10:57  Adept x5  
  94  10:58  Adept x2  
  94  11:01  Protoss Ground Weapons Level 2, Charge  
  102  11:23  Nexus  
  102  11:24  Zealot x2, Pylon  
  102  11:25  Zealot x4  
  110  11:26  Zealot x3  
  110  11:28  Zealot x3  
  126  11:51  Nexus  
  126  11:52  Gateway  
  126  11:53  Photon Cannon, Pylon  
  126  11:54  Photon Cannon  
  126  11:55  Photon Cannon  
  126  11:56  Pylon  
  126  11:58  Pylon  
  110  12:20  Stalker x8  
  110  12:21  High Templar x2, Stalker  
  67  12:47  Zealot x5  
  67  12:48  Zealot x3  
  49  13:13  Zealot x3  
  49  13:14  Zealot x3  
  49  13:15  Zealot x2  
  60  13:25  Zealot x2  
  60  13:26  Zealot x2  
  60  13:27  Zealot  
  33  13:38  Zealot  
  33  13:39  Zealot x6  
  33  13:40  Zealot  
  33  13:47  Zealot x5  
  35  13:53  Probe (Chrono Boost), Pylon  
  36  14:02  High Templar  
  36  14:03  High Templar x2  
  36  14:05  Probe (Chrono Boost)  
  43  14:17  Probe (Chrono Boost), Adept x4  
  43  14:19  Adept x3  
  56  14:29  Probe (Chrono Boost)  
  42  14:41  Probe (Chrono Boost)  
Tags
 
Composition
MMM Bio
League
Gold
Matchup
PvT
Replay Pack
Nickos replay
Add a new tag
Caveats
  • Supply blocks, unpowered buildings, or Contaminate may cause inaccurate times.
  • Supply counts are checked every 10 seconds.